 Dungeon Crawl Stone Soup version 0.28.0 (webtiles) character file.

Game seed: 4071669839172489537

15 psuckher the Digger (level 2, -2/15 HPs)
             Began as a Gargoyle Earth Elementalist on Feb 15, 2022.
             Slain by a ball python (3 damage)
             ... on level 1 of the Dungeon.
             The game lasted 00:00:59 (215 turns).

psuckher the Digger (Gargoyle Earth Elementalist)    Turns: 215, Time: 00:00:59

Health: -2/15      AC:  4    Str: 11    XL:     2   Next: 50%
Magic:  4/5        EV:  9    Int: 15    God:
Gold:   14         SH:  0    Dex: 10    Spells: 4/5 levels left

rFire   . . .      SeeInvis .   a - +0 hand axe
rCold   . . .      Faith    .   (no shield)
rNeg    + . .      Spirit   .   b - +0 robe
rPois   ∞          Reflect  .   (no helmet)
rElec   +          Harm     .   (no cloak)
rCorr   .          Rampage  .   (no gloves)
Will    .....                   (no boots)
Stlth   ++........              (no amulet)
HPRegen 0.05/turn               (no ring)
MPRegen 0.09/turn               (no ring)

@: constricted
A: sickness immunity, AC +2, negative energy resistance 1, electricity
resistance, torment resistance 1, petrification resistance
a: no special abilities


You were on level 1 of the Dungeon.
You visited 1 branch of the dungeon, and saw 1 of its levels.

You collected 14 gold pieces.

Inventory:

Hand Weapons
 a - a +0 hand axe (weapon)
Missiles
 c - 25 stones
Armour
 b - a +0 robe (worn)


   Skills:
 + Level 0.5 Axes
 + Level 1.8 Dodging
 + Level 2.1 Stealth
 + Level 2.1 Spellcasting
 + Level 0.7 Transmutations
 + Level 4.1 Earth Magic


You had 4 spell levels left.
You knew the following spells:

 Your Spells              Type           Power      Damage    Failure   Level
a - Sandblast             Erth           26%        2d8       4%          1

Your spell library contained the following spells:

 Spells                   Type           Power      Damage    Failure   Level
 Passwall                 Tmut/Erth      6%         N/A       12%         2
 Stone Arrow              Conj/Erth      14%        3d7       28%         3
 Petrify                  Tmut/Erth      8%         N/A       63%         4


Dungeon Overview and Level Annotations

Branches:
Dungeon (1/15)

Altars:

Shops:
D:1 (


Innate Abilities, Weirdness & Mutations

You are immune to sickness and miasma.
Your stone body is resilient. (AC +2)
You are immune to poison.
You resist negative energy. (rN+)
You are resistant to electric shocks. (rElec)
You are resistant to unholy torment.
You are immune to petrification.


Message History

* * * LOW HITPOINT WARNING * * *
Aiming: Sandblast (safe; 4% risk of failure)
Press: ? - help, Q - select action, (/) - cycle Shift-Dir - straight line, f/p - rat
Aim: a rat (79% to hit)
The blast of sand hits the rat.
You kill the rat!
You see here a +0 dagger.
Your magical contamination has completely faded away.
A goblin and a ball python come into view.
You slash the goblin!
You kill the goblin!
The ball python hisses angrily.
Your Earth Magic skill increases to level 4!
You see here a +0 dagger.
You see here a +0 dagger.
The ball python barely misses you. The ball python closely misses you.
Aiming: Sandblast (safe; 4% risk of failure)
Press: ? - help, Q - select action, (/) - cycle Shift-Dir - straight line, f - ball python
Aim: a ball python (77% to hit)
The blast of sand hits the ball python.
You kill the ball python!
Found a kite shield.
Found an escape hatch in the floor.
Found Jucs's Antique Weapon Shoppe.
A ball python comes into view.
The ball python hisses angrily.
A quokka comes into view.
The ball python bites you but does no damage.
The ball python barely misses you.
You closely miss the ball python. The ball python completely misses you.
The ball python barely misses you.
You closely miss the ball python. The ball python bites you.
* * * LOW HITPOINT WARNING * * *
The ball python grabs you. The ball python constricts you.
The ball python bites you but does no damage.
The ball python constricts you.
* * * LOW HITPOINT WARNING * * *
You hit the ball python but do no damage.
The ball python bites you.
You die...

.########### .#........
##........ ##........#
##..#....#.##
#..>........##. #.#
....[..S....... ...
#......@....# #.#..
#...#.......# #.#.. r
#....##.### #.#..
##.......... #.#..
#........### #.#..
..∩..##...### #.#..
##.## #...# #.#.. #..
##...##########....
#.#......#...........###


You could see a quokka (asleep) and a ball python.

Vanquished Creatures
  A dart slug (D:1)
  An endoplasm (D:1)
  2 giant cockroaches (D:1)
  2 goblins (D:1)
  A hobgoblin (D:1)
  2 ball pythons (D:1)
  3 rats (D:1)
12 creatures vanquished.

Notes
Turn   | Place    | Note
-------+----------+-------------------------------------------
     0 | D:1      | psuckher the Gargoyle Earth Elementalist began the quest
                  | for the Orb.
     0 | D:1      | Reached XP level 1. HP: 10/10 MP: 3/3
    76 | D:1      | Reached XP level 2. HP: 9/15 MP: 5/5
   199 | D:1      | Reached skill level 4 in Earth Magic
   208 | D:1      | Found Jucs's Antique Weapon Shoppe.
   215 | D:1      | Slain by a ball python

Illustrated notes

Levels and vault maps discovered:
D:1:      saegor_arrival_simple_a, layout_loops_ring, serial_shops, shop,
          nicolae_shop_crystal, shop, minmay_cupped

Skill      XL: |  1  2 |
---------------+-------+-----
Earth Magic    | 4 |  4.1
Axes           | |  0.5
Dodging        | |  1.8
Stealth        | |  2.1
Spellcasting   | |  2.1
Transmutations | |  0.7

Action                   || total
-------------------------++-------
Melee: Hand axe          ||    34
 Cast: Sandblast         ||     5
Armor: Robe              ||    14
Dodge: Dodged            ||    29
